Map: Thunderbird LE

Players

SKillous - Winner!

  • Race: Protoss Protoss
  • League: Grandmaster
  • Spawn Location: 5:00

Namshar

  • Race: Zerg Zerg
  • League: Master
  • Spawn Location: 11:00

Event: NationWars 2019

VOD

Have the link to the VOD?

Description

Time

  • Played on: Oct. 13, 2019, 5:03 p.m.
  • Length: 12:01

All games in this series

Show
View Real Time Build Order
Export as new Build Order

SKillous Protoss - Winner!

Build Orders: 1 Gate Expand, Double Forge, Oracle Opening, Phoenix Opening, Archon Immortal 

Get SALT Encoding   

  12  0:00  Probe  
  13  0:13  Probe  
  14  0:19  Pylon  
  14  0:25  Probe  
  15  0:29  Assimilator  
  15  0:37  Probe  
  16  0:47  Gateway  
  16  0:49  Probe (Chrono Boost)  
  17  0:58  Probe (Chrono Boost)  
  17  1:03  Probe (Chrono Boost)  
  19  1:15  Probe  
  20  1:24  Nexus  
  20  1:34  Cybernetics Core  
  20  1:36  Probe  
  21  1:41  Assimilator  
  21  1:48  Probe  
  21  1:52  Pylon  
  22  2:01  Probe  
  23  2:07  Adept (Chrono Boost)  
  23  2:13  Probe  
  23  2:14  Stargate  
  26  2:21  Warp Gate  
  26  2:25  Probe (Chrono Boost)  
  26  2:29  Stalker (Chrono Boost)  
  27  2:36  Probe (Chrono Boost)  
  30  2:43  Probe (Chrono Boost)  
  32  2:45  Probe (Chrono Boost)  
  32  2:50  Probe x2 (Chrono Boost)  
  34  2:59  Phoenix (Chrono Boost)  
  34  3:01  Probe  
  34  3:02  Probe  
  38  3:11  Pylon  
  38  3:13  Probe  
  38  3:14  Probe  
  40  3:20  Oracle (Chrono Boost)  
  40  3:25  Probe  
  40  3:26  Probe, Gateway  
  45  3:37  Probe  
  45  3:38  Probe  
  47  3:46  Nexus  
  47  3:49  Probe  
  47  3:50  Probe  
  47  3:51  Oracle (Chrono Boost)  
  52  3:56  Pylon  
  52  4:02  Probe  
  53  4:03  Assimilator  
  53  4:04  Assimilator  
  53  4:06  Probe  
  54  4:11  Robotics Facility  
  54  4:14  Probe  
  55  4:18  Probe  
  56  4:26  Probe  
  56  4:27  Pylon  
  56  4:28  Oracle (Chrono Boost)  
  56  4:30  Probe  
  61  4:38  Probe (Chrono Boost)  
  61  4:41  Forge x2  
  62  4:46  Pylon  
  62  4:49  Pylon  
  62  4:50  Probe (Chrono Boost)  
  63  4:57  Probe (Chrono Boost)  
  66  5:00  Observer (Chrono Boost), Probe (Chrono Boost)  
  66  5:01  Probe (Chrono Boost)  
  66  5:02  Probe  
  68  5:07  Protoss Ground Armor Level 1 (Chrono Boost)  
  68  5:11  Probe (Chrono Boost)  
  68  5:12  Probe (Chrono Boost)  
  68  5:13  Pylon, Immortal (Chrono Boost)  
  70  5:19  Probe (Chrono Boost)  
  75  5:24  Twilight Council  
  75  5:25  Probe (Chrono Boost)  
  75  5:27  Protoss Ground Weapons Level 1 (Chrono Boost), Probe (Chrono Boost)  
  78  5:30  Probe x2 (Chrono Boost)  
  78  5:34  Probe  
  78  5:35  Assimilator  
  80  5:39  Probe x2  
  80  5:40  Assimilator, Gateway  
  82  5:46  Probe, Gateway  
  83  5:51  Probe x2, Gateway  
  83  5:52  Gateway  
  83  5:56  Immortal (Chrono Boost)  
  89  5:58  Probe  
  89  6:01  Charge  
  90  6:10  Gateway  
  90  6:11  Gateway  
  90  6:13  Probe  
  90  6:15  Sentry x2  
  95  6:19  Templar Archives  
  95  6:22  Pylon  
  95  6:32  Immortal  
  99  6:37  Nexus  
  99  6:39  Pylon  
  99  6:40  Pylon  
  99  6:42  Pylon x2  
  99  6:51  Gateway  
  99  6:52  Gateway  
  99  6:55  Zealot x4  
  99  6:59  Probe  
  99  7:00  Probe  
  109  7:09  High Templar  
  109  7:10  High Templar x3  
  117  7:19  Protoss Ground Armor Level 2 (Chrono Boost)  
  117  7:20  Probe, High Templar x2  
  117  7:21  Protoss Ground Weapons Level 2 (Chrono Boost)  
  117  7:22  Archon  
  122  7:23  Archon  
  122  7:25  Archon  
  122  7:26  Probe x2  
  122  7:27  Assimilator  
  124  7:30  Assimilator  
  124  7:32  Probe  
  125  7:38  Probe  
  127  7:44  Probe  
  127  7:47  High Templar x2  
  127  7:48  Zealot x5  
  141  7:51  Archon  
  141  7:56  Immortal  
  146  7:58  Probe x2  
  146  7:59  Probe x2  
  149  8:06  Blink (Chrono Boost)  
  149  8:10  Probe, Gateway  
  149  8:12  Gateway  
  151  8:13  Gateway  
  151  8:15  Gateway  
  151  8:16  Gateway x2  
  151  8:19  High Templar x2  
  154  8:20  Zealot x5  
  154  8:23  Archon  
  164  8:41  Pylon  
  164  8:46  Warp Prism  
  164  8:49  Gateway  
  164  8:50  Gateway  
  164  8:55  Pylon  
  164  8:56  Pylon x2  
  164  9:00  High Templar x4  
  170  9:03  Pylon  
  170  9:05  Archon x2  
  170  9:12  Zealot  
  172  9:27  High Templar  
  172  9:28  High Templar x3  
  172  9:29  Zealot x7  
  194  9:31  Archon  
  194  9:35  Archon  
  194  9:39  Zealot x3  
  194  9:45  Photon Cannon  
  186  9:47  Photon Cannon  
  186  9:49  Photon Cannon  
  185  9:57  Stalker, Zealot x4  
  185  9:58  Stalker x6  
  185  9:59  Stalker x2  
  171  10:02  Stalker  
  171  10:03  Stalker x3  
  141  10:22  Stalker x5  
  141  10:23  Stalker x5  
  145  10:31  Stalker x2  
  145  10:32  Probe (Chrono Boost)  
  135  10:36  Probe (Chrono Boost)  
  131  10:47  Probe (Chrono Boost)  
  131  10:49  Probe x2 (Chrono Boost)  
  132  10:54  Probe (Chrono Boost)  
  132  10:57  Probe (Chrono Boost)  
  132  10:59  Probe (Chrono Boost)  
  132  11:00  Probe (Chrono Boost)  
  132  11:02  Probe (Chrono Boost)  
  136  11:05  Probe (Chrono Boost)  
  136  11:06  Zealot x2  
  136  11:07  Zealot x2  
  136  11:10  Probe (Chrono Boost)  
  147  11:14  Probe (Chrono Boost)  
  147  11:15  Probe x2 (Chrono Boost)  
  147  11:17  Probe (Chrono Boost)  
  149  11:22  Probe (Chrono Boost), Zealot x7  
  160  11:29  Stalker x2  
  160  11:30  Probe  
  159  11:39  High Templar x3  
  163  11:40  High Templar x3  
Show
View Real Time Build Order
Export as new Build Order

Namshar Zerg 

Build Orders: Hatch First, Brood Lord Corruptor 

Get SALT Encoding   

  12  0:01  Drone  
  13  0:12  Overlord  
  13  0:16  Drone  
  14  0:30  Drone x2  
  16  0:47  Hatchery  
  15  0:50  Drone  
  15  0:54  Drone  
  17  0:57  Drone  
  18  1:08  Extractor  
  17  1:13  Spawning Pool  
  17  1:16  Drone  
  17  1:19  Drone  
  18  1:28  Drone  
  19  1:38  Drone  
  20  1:49  Overlord  
  20  1:59  Queen x2  
  20  2:00  Zergling x4  
  26  2:10  Drone  
  26  2:11  Drone  
  28  2:20  Drone  
  28  2:21  Drone  
  30  2:30  Hatchery  
  30  2:31  Drone  
  30  2:35  Pneumatized Carapace  
  30  2:41  Queen  
  32  2:44  Overlord  
  32  2:48  Drone  
  32  2:50  Drone  
  34  2:55  Drone x2  
  36  3:04  Drone  
  36  3:08  Drone x3  
  36  3:09  Drone x2  
  41  3:14  Overlord  
  41  3:18  Drone x2  
  43  3:20  Overlord  
  43  3:31  Overlord  
  43  3:32  Queen  
  45  3:35  Drone  
  45  3:37  Drone  
  45  3:38  Drone x2  
  45  3:39  Drone  
  45  3:40  Drone  
  51  3:45  Drone  
  52  3:51  Drone x4  
  52  3:53  Spore Crawler  
  52  3:54  Spore Crawler  
  55  3:55  Drone x2  
  55  3:59  Spore Crawler  
  55  4:03  Overlord  
  55  4:05  Drone x2  
  55  4:08  Queen  
  59  4:16  Drone x5  
  62  4:21  Overlord  
  62  4:22  Drone  
  62  4:23  Drone x2  
  65  4:29  Spore Crawler, Overlord  
  65  4:30  Drone x3  
  67  4:34  Extractor  
  67  4:35  Extractor, Overlord  
  67  4:36  Drone  
  66  4:39  Lair  
  66  4:45  Drone  
  66  4:46  Roach Warren, Drone  
  66  4:51  Extractor  
  66  4:52  Extractor  
  65  4:54  Drone x7  
  65  4:58  Drone x3  
  65  4:59  Drone  
  75  5:05  Drone  
  75  5:06  Drone x2, Evolution Chamber  
  77  5:07  Metabolic Boost  
  77  5:21  Hatchery  
  77  5:23  Drone  
  77  5:24  Drone x3, Extractor, Overlord  
  77  5:25  Roach x2  
  83  5:31  Roach x3  
  89  5:37  Zerg Melee Weapons Level 1  
  89  5:39  Baneling Nest  
  89  5:41  Overlord x2  
  88  5:44  Overlord x2  
  88  5:47  Overseer  
  88  5:51  Glial Reconstitution  
  88  5:53  Roach x2, Overlord  
  88  5:54  Overlord  
  92  6:06  Drone x2  
  94  6:11  Zergling x8  
  94  6:12  Zergling x12  
  104  6:22  Centrifical Hooks, Infestation Pit  
  104  6:23  Zergling x6  
  104  6:25  Ravager x3  
  109  6:43  Zergling x24  
  121  6:56  Zergling x8, Roach x2  
  129  7:08  Hive, Drone  
  128  7:09  Spire  
  128  7:10  Drone x6  
  128  7:15  Drone  
  135  7:20  Baneling x17  
  135  7:21  Drone x8  
  143  7:24  Ravager  
  143  7:26  Overlord x2  
  144  7:32  Extractor, Overlord x2  
  144  7:34  Extractor, Queen  
  144  7:36  Queen  
  143  7:41  Overlord x2  
  143  7:42  Drone  
  144  7:48  Baneling  
  144  7:49  Baneling x3  
  144  7:50  Drone x2  
  146  7:52  Hatchery  
  146  7:54  Zerg Melee Weapons Level 2  
  146  7:56  Overlord  
  146  7:58  Drone  
  146  7:59  Zergling x6, Roach x2  
  153  8:08  Drone  
  154  8:14  Zergling x2  
  154  8:15  Zergling x28  
  154  8:17  Baneling x2  
  154  8:18  Baneling x4  
  169  8:22  Greater Spire  
  169  8:29  Baneling x6  
  169  8:30  Ravager x2  
  169  8:31  Zergling x14  
  177  8:48  Corruptor x6  
  177  8:54  Overlord x2  
  188  8:56  Adrenal Glands  
  185  9:13  Corruptor x2  
  188  9:33  Brood Lord x6  
  188  9:34  Zerg Flyer Weapons Level 1  
  191  9:46  Brood Lord  
  191  9:47  Zergling x10, Roach  
  191  9:53  Zergling x14, Roach  
  191  9:56  Zergling x2  
  191  9:57  Zergling x8, Roach  
  177  10:00  Zergling x2  
  177  10:01  Zergling x18  
  179  10:09  Zergling x10, Roach  
  144  10:22  Corruptor x2  
  144  10:24  Zergling x4, Roach  
  144  10:26  Queen  
  125  10:28  Roach  
  125  10:32  Roach x3  
  125  10:33  Queen  
  120  10:38  Roach  
  120  10:41  Zergling x4, Roach  
  118  10:46  Queen  
  118  10:49  Roach  
  115  10:52  Hatchery  
  115  10:53  Zergling x4  
  115  10:55  Baneling  
  114  11:01  Brood Lord x2  
  114  11:02  Roach  
  114  11:03  Zergling x2  
  115  11:07  Baneling  
  115  11:10  Zergling x2, Roach  
  105  11:13  Baneling x3  
  101  11:19  Zergling x2, Roach  
  101  11:23  Roach  
Tags
 
Add a new tag
Caveats
  • Supply blocks, unpowered buildings, or Contaminate may cause inaccurate times.
  • Supply counts are checked every 10 seconds.